 Dungeon Crawl Stone Soup version 0.19.1 (webtiles) character file.

576 Banto the Charmwright (level 7, -10/45 HPs)
             Began as a High Elf Skald on Dec 7, 2016.
             Mangled by Menkaure (19 damage)
             ... on level 5 of the Dungeon.
             The game lasted 00:07:10 (4056 turns).

Banto the Charmwright (High Elf Skald)              Turns: 4056, Time: 00:07:10

Health: -10/45     AC:  7    Str: 11    XL:     7   Next: 13%
Magic:  5/11       EV: 12    Int: 15    God:
Gold:   230        SH:  0    Dex: 18    Spells: 4 memorised, 2 levels left

rFire  . . .     SeeInvis .     p - +0 long sword
rCold  . . .     Gourm    .     b - +1 leather armour
rNeg   . . .     Faith    .     (no shield)
rPois  .         Spirit   .     (no helmet)
rElec  .         Reflect  .     (no cloak)
rCorr  .         Harm     +     (no gloves)
MR     +....                    l - +2 pair of boots
Stlth  +.........               v - amulet of harm
                                (no ring)
                                f - ring of protection from magic

@: no status effects
A: no striking features
a: no special abilities


You were on level 5 of the Dungeon.
You were near starving.

You visited 1 branch of the dungeon, and saw 5 of its levels.

You collected 230 gold pieces.

Inventory:

Hand Weapons
 e - a +1 dagger of draining
 p - a +0 long sword (weapon)
Armour
 b - a +1 leather armour (worn)
 l - a +2 pair of boots (worn)
Jewellery
 f - a ring of protection from magic (left hand)
 v - an amulet of harm (around neck)
Scrolls
 h - a scroll of enchant armour
 q - a scroll of remove curse
Potions
 g - a potion of brilliance
 i - a potion of haste
 k - 2 potions of curing
 m - a potion of might {unknown}
 n - 3 potions of flight
 r - a potion of beneficial mutation {unknown}
 s - a potion of ambrosia {unknown}
 t - 2 potions of lignification
Books
 c - a book of Battle

   Spells                             Type                      Level
   a - Infusion                       Charms                       1
   b - Shroud of Golubria             Charms/Translocation         2
   c - Song of Slaying                Charms                       2
   d - Spectral Weapon                Hexes/Charms                 3
   e - Regeneration                   Charms/Necromancy            3
Comestibles
 d - 3 bread rations
 j - 3 meat rations
 o - a beef jerky


   Skills:
 - Level 2.0 Fighting
 - Level 3.7 Long Blades
 - Level 0.8 Armour
 - Level 2.1 Dodging
 - Level 2.4 Spellcasting
 + Level 4.8 Hexes
 + Level 6.9 Charms


You had 2 spell levels left.
You knew the following spells:

 Your Spells              Type           Power        Failure   Level  Hunger
a - Infusion              Chrm           ###.         1%          1    #......
b - Song of Slaying       Chrm           ###.....     2%          2    ###....
c - Shroud of Golubria    Chrm/Tloc      ##........   12%         2    ###....
d - Spectral Weapon       Hex/Chrm       ###.....     10%         3    ###....


Dungeon Overview and Level Annotations

Branches:
Dungeon (5/15)
 Temple: D:4-7

Altars:
Ashenzari
Dithmenos
Sif Muna
Yredelemnul

Annotations:
D:5 Menkaure


Message History

You draw out your weapon's spirit!
Menkaure closely misses you.
You riposte.
You hit Menkaure but do no damage.
You now have 5/11 mp.
You barely miss Menkaure.
Your spectral weapon completely misses Menkaure.
Menkaure calls on the powers of darkness!
Your body is wracked with pain!
* * * LOW HITPOINT WARNING * * *
Menkaure hits you but does no damage.
You take 9 damage, and have 10/45 hp.
You hit Menkaure.
Menkaure is moderately damaged.
Your spectral weapon hits Menkaure!
Menkaure hits your spectral weapon!!
Your spectral weapon shares its damage with you!
Your spectral weapon fades away.
* * * LOW HITPOINT WARNING * * *
Menkaure shouts!
You take 9 damage, and have 1/45 hp.
You feel better. Menkaure hits you!
You die...

#.#.##.# #.######.#.......
#.#.##.# #.# #.#.######
#.#.##.########.# ####'#'####
#.#'##.#......#.# #.........#
###...)..#......#[###.........#
.........'......+.. +.........+
.........#......#.# #.........#
###.#'##.#.....M#.###.........#
#.#.##.#......@.....##+#'####
#.#.##.#........###.##.#.#
#.#.##.#######..# #.##.#.#
###.#.##.# #..###.##.#.######
....#.##.#######..#..............
..................#.####+########
###.#.##..........#'##.......#
#.#.##.......###...#.......#
#....+.........+...........#


You could see Menkaure.

Vanquished Creatures
  Sigmund (D:2)
  Eustachio (D:5)
  2 howler monkeys (D:4)
  An iguana (D:4)
  Ijyb (D:2)
  A worker ant (D:4)
  3 adders
  3 oozes
  2 worms
  5 dart slugs
  2 leopard geckos
  8 orcs
  4 giant cockroaches
  11 goblins
  3 hobgoblins
  2 quokkas (D:2)
  2 ball pythons
  6 bats
  6 frilled lizards
  8 kobolds
  7 rats
79 creatures vanquished.

Vanquished Creatures (others)
  2 spectral weapons (D:5)
2 creatures vanquished.

Grand Total: 81 creatures vanquished

Notes
Turn   | Place    | Note
-------+----------+-------------------------------------------
     0 | D:1      | Banto the High Elf Skald began the quest for the Orb.
     0 | D:1      | Reached XP level 1. HP: 14/14 MP: 4/4
   259 | D:1      | Reached XP level 2. HP: 16/19 MP: 1/6
   705 | D:1      | Reached XP level 3. HP: 24/24 MP: 3/7
   738 | D:1      | Learned a level 2 spell: Song of Slaying
   742 | D:1      | Learned a level 3 spell: Spectral Weapon
  1002 | D:2      | Noticed Sigmund
  1034 | D:2      | Found a basalt altar of Yredelemnul.
  1062 | D:2      | Reached skill level 4 in Charms
  1178 | D:2      | Reached skill level 1 in Hexes
  1309 | D:2      | Noticed Ijyb
  1328 | D:2      | Killed Ijyb
  1328 | D:2      | Reached XP level 4. HP: 29/29 MP: 2/8
  1411 | D:2      | Found a shattered altar of Ashenzari.
  1659 | D:3      | Found a deep blue altar of Sif Muna.
  1668 | D:3      | Found a shadowy altar of Dithmenos.
  2036 | D:2      | Killed Sigmund
  2036 | D:2      | Reached skill level 5 in Charms
  2036 | D:2      | Reached XP level 5. HP: 3/34 MP: 1/9
  2036 | D:2      | Reached XP level 6. HP: 4/39 MP: 1/10
  2301 | D:4      | Learned a level 2 spell: Shroud of Golubria
  2677 | D:4      | Reached skill level 6 in Charms
  2854 | D:5      | Entered Level 5 of the Dungeon
  2886 | D:5      | Noticed Eustachio
  2945 | D:5      | Killed Eustachio
  2945 | D:5      | Reached XP level 7. HP: 20/45 MP: 5/11
  3304 | D:5      | Noticed Menkaure
  4055 | D:5      | HP: 1/45 [Menkaure (9)]
  4056 | D:5      | Mangled by Menkaure

Skill      XL: |  1  2  3  4  5  6 |
---------------+-------------------+-----
Long Blades    | 3 |  3.7
Dodging        | 2 |  2.1
Charms         | 4 5 6 |  6.9
Hexes          | 1 3 4 |  4.8
Fighting       | |  2.0
Armour         | |  0.8
Spellcasting   | |  2.4

Action                   |  1- 3 |  4- 6 |  7- 9 || total
-------------------------+-------+-------+-------++-------
Melee: Dagger            |    91 |   110 |    19 ||   220
       Falchion          |     8 |       |       ||     8
       Long sword        |       |       |     2 ||     2
 Cast: Infusion          |    12 |    11 |       ||    23
       Spectral Weapon   |       |     6 |     3 ||     9
       Shroud of Golubri |       |     7 |       ||     7
  Use: Scroll            |     6 |     7 |       ||    13
       Potion            |       |       |     1 ||     1
 Stab: Sleeping          |     3 |     2 |       ||     5
  Eat: Chunk             |     1 |     7 |     2 ||    10
Armor: Leather armour    |    15 |    43 |     9 ||    67
Dodge: Dodged            |    65 |    93 |     9 ||   167
       Rpst.: Falchion   |     2 |       |       ||     2
       Long sword        |       |       |     1 ||     1

Table legend:
 A = Turns spent in this place as a percentage of turns spent in the entire game.
 B = Non-inter-level travel turns spent in this place as a percentage of non-inter-level travel turns spent in the entire game.
 C = Inter-level travel turns spent in this place as a percentage of turns spent in this place.
 D = Turns resting spent in this place as a percentage of non-inter-level travel turns spent in this place.
 E = Turns spent auto-exploring this place as a percentage of non-inter-level travel turns spent in this place.
 F = Non-inter-level travel turns spent in this place divided by the number of levels of this place that you've seen.
                   A       B       C       D       E      F
               +-------+-------+-------+-------+-------+----------------------
         Total | 100.0 | 100.0 |   0.8 |   3.8 |  12.6 | 216.2
       Dungeon | 100.0 | 100.0 |   0.8 |   3.8 |  12.6 | 216.2
               +-------+-------+-------+-------+-------+----------------------

Table legend:
 A = Kills in this place as a percentage of kills in entire the game.
 B = Kills by you in this place as a percentage of kills by you in the entire game.
 C = Kills by friends in this place as a percentage of kills by friends in the entire game.
 D = Other kills in this place as a percentage of other kills in the entire game.
 E = Experience gained in this place as a percentage of experience gained in the entire game.
 F = Experience gained in this place divided by the number of levels of this place that you have seen.
                   A       B       C       D       E      F
               +-------+-------+-------+-------+-------+----------------------
         Total | 100.0 | 100.0 |  -nan |  -nan | 100.0 | 164.8
       Dungeon | 100.0 | 100.0 |  -nan |  -nan | 100.0 | 164.8
               +-------+-------+-------+-------+-------+----------------------
